 Dungeon Crawl Stone Soup version 0.18-a0-1811-g3a71842 (webtiles) character file.

429 Kenran the Insei (level 6, -1/40 HPs)
             Began as a Gargoyle Monk on Apr 27, 2016.
             Slain by an ogre
             ... wielding a +0 giant club
              (17 damage)
             ... on level 4 of the Dungeon.
             The game lasted 00:08:07 (4072 turns).

Kenran the Insei (Gargoyle Monk)                    Turns: 4072, Time: 00:08:08

Health: -1/40      AC:  8    Str: 14    XL:     6   Next: 98%
Magic:  6/6        EV: 13    Int: 11    God:
Gold:   226        SH:  0    Dex: 14    Spells: 0 memorised, 5 levels left

rFire  . . .     SeeInvis .       - Unarmed
rCold  . . .     Gourm    .     a - +0 robe
rNeg   + . .     Faith    .     (no shield)
rPois  ∞         Spirit   .     n - +0 helmet
rElec  +         Dismiss  .     (no cloak)
rCorr  .         Reflect  .     (no gloves)
SustAt .         Harm     .     h - +0 pair of boots
MR     .....                    (no amulet)
Stlth  ++........               (no ring)
                                (no ring)

@: not resistant to hostile enchantments, unstealthy
A: negative energy resistance 1, electricity resistance, unbreathing,
petrification resistance, rot immunity, AC +4
a: no special abilities


You were on level 4 of the Dungeon.
You were not hungry.

You visited 1 branch of the dungeon, and saw 4 of its levels.

You collected 226 gold pieces.

Inventory:

Armour
 a - a +0 robe (worn)
 h - a +0 pair of boots (worn)
 n - a +0 helmet (worn)
Jewellery
 s - a cursed ring of teleportation {unknown}
Scrolls
 c - 4 scrolls of identify {unknown}
 j - a scroll of enchant weapon {unknown}
 k - a scroll of recharging {unknown}
 l - 3 scrolls of magic mapping {unknown}
 p - 4 scrolls of teleportation {unknown}
 q - a scroll of blinking {unknown}
 r - a scroll of immolation {unknown}
Potions
 d - a potion of agility {unknown}
 e - 3 potions of degeneration {unknown}
 f - 2 potions of might {unknown}
 i - a potion of haste {unknown}
Comestibles
 b - 3 bread rations
 g - 5 fruits
 m - 3 slices of pizza
 o - a meat ration


   Skills:
 - Level 5.2 Fighting
 - Level 2.4 Dodging
 - Level 2.1 Stealth
 + Level 7.2 Unarmed Combat


You had 5 spell levels left.
You didn't know any spells.

Dungeon Overview and Level Annotations

Branches:
Dungeon (4/15)
 Temple: D:4-7

Altars:
Makhleb
Okawaru


Innate Abilities, Weirdness & Mutations

You are resistant to torment.
Your stone body is resilient (AC +4).
You are immune to poison.
You resist negative energy.
You are resistant to electric shocks.
You can survive without breathing.
You are immune to petrification.
You are immune to rotting.


Message History

A quokka comes into view.
You barely miss the ogre. The quokka misses you.
You barely miss the ogre. You punch the ogre.
The ogre is lightly wounded.
The quokka barely misses you. The ogre completely misses you.
You hit the ogre.
The ogre is lightly wounded.
The quokka barely misses you. The ogre hits you with a giant club!!
Ouch! That really hurt!
You punch the ogre!
The ogre is heavily wounded.
The quokka closely misses you.
You barely miss the ogre.
The ogre is heavily wounded.
The quokka barely misses you. The ogre hits you with a giant club.
The quokka closely misses you.
You hit the ogre.
The ogre is severely wounded.
The ogre hits you with a giant club!
You die...

#<# #.# ###)# #...# ###.#
###.### #.(...# #####
###.##############..[#
#..>....r@O......'...+
###.#'##############...#
#......# #...# #...#
#.#....# #...# #...#
#.+....#####...#####...#####
# #....'....................
#....#####.###############
#....# #.# #....# #.#


You could see an ogre and a quokka.

Vanquished Creatures
  The ghost of subsebi the Chopper, an amateur DsCK of Xom (D:3)
  A centaur (D:3)
  A hound (D:4)
  An iguana (D:4)
  2 worker ants
  8 gnolls
  4 adders
  A worm (D:3)
  3 giant geckos
  An orc (D:3)
  3 giant cockroaches
  4 hobgoblins
  5 jackals (D:1)
  3 kobolds
  A ball python (D:3)
  7 bats
  5 giant newts
  5 goblins
  8 rats
64 creatures vanquished.

Notes
Turn   | Place    | Note
--------------------------------------------------------------
     0 | D:1      | Kenran the Gargoyle Monk began the quest for the Orb.
     0 | D:1      | Reached XP level 1. HP: 14/14 MP: 1/1
   166 | D:1      | Reached XP level 2. HP: 15/19 MP: 2/2
  1007 | D:1      | Reached skill level 5 in Unarmed Combat
  1007 | D:1      | Reached XP level 3. HP: 16/23 MP: 3/3
  1217 | D:2      | Found a faded altar to an unknown god.
  1409 | D:2      | Found a burning altar of Makhleb.
  1409 | D:2      | Found an iron altar of Okawaru.
  2008 | D:3      | Reached XP level 4. HP: 24/28 MP: 4/4
  2325 | D:2      | Reached skill level 6 in Unarmed Combat
  2468 | D:3      | Reached XP level 5. HP: 17/32 MP: 5/5
  2484 | D:3      | Noticed subsebi's ghost (amateur DsCK)
  2754 | D:3      | Killed subsebi's ghost
  3120 | D:3      | Reached skill level 7 in Unarmed Combat
  3131 | D:3      | Reached XP level 6. HP: 19/37 MP: 6/6
  3852 | D:4      | Reached skill level 5 in Fighting
  4072 | D:4      | Slain by an ogre

Vault maps used:
D:1:      dpeg_chamrin_arrival_tetris, minivault_24
D:2:      amethyst_overflow_temple_binary, ecumenical_altar_1, first_bread
D:4:      corexii_shantytown, kennysheep_little_box, minmay_temple_entry_fiery,
          serial_shops, shop

Skill      XL: |  1  2  3  4  5  6 |
---------------+-------------------+-----
Unarmed Combat | 5 6 7 |  7.2
Fighting       | 5 |  5.2
Dodging        | |  2.4
Stealth        | |  2.1

Action                   |  1- 3 |  4- 6 || total
-------------------------+-------+-------++-------
Melee: Unarmed           |   133 |   145 ||   278
       Punch             |     1 |     7 ||     8
 Stab: Sleeping          |     4 |     2 ||     6
       Invisible         |       |     2 ||     2
  Eat: Chunk             |     3 |     7 ||    10
Armor: Robe              |    59 |    41 ||   100
Dodge: Dodged            |    95 |    93 ||   188
